 Dungeon Crawl Stone Soup version 0.14-a0-1413-g94b8a5e (webtiles) character file.

197 Jenx the Cutter (level 5, -6/48 HPs)
             Began as a Kobold Berserker on Dec 11, 2013.
             Was a Believer of Trog.
             Mangled by a gnoll
             ... wielding a +0,+0 flail
              (16 damage)
             ... on Level 3 of the Dungeon.
             The game lasted 00:08:41 (2583 turns).

Jenx the Cutter (Kobold Berserker)                  Turns: 2583, Time: 00:08:42

HP  -6/48        AC  3     Str 21      XL: 5   Next: 12%
MP   5/5         EV 15     Int  5      God: Trog [**....]
Gold 89          SH  0     Dex 16      Spells:  0 memorised,  4 levels left

rFire  . . .     SeeInvis .     a - +3,+1 elf dagger
rCold  . . .     Clarity  .     h - +0 robe
rNeg   . . .     Conserve .     (no shield)
rPois  .         rCorr    .     (no helmet)
rElec  .         rRot     .     (no cloak)
SustAb . .       Spirit   .     (no gloves)
rMut   .         Warding  .     d - +0 pair of boots
Saprov + + .     Stasis   .     (no amulet)
                                (no ring)
                                (no ring)

@: berserking, very quick, slightly resistant to hostile enchantments, extremely
unstealthy
A: disease resistance, carnivore 3, saprovore 2
a: Burn Spellbooks, Berserk, Trog's Hand, Renounce Religion


You were on level 3 of the Dungeon.
You worshipped Trog.
Trog was pleased with you.
You were not hungry.

You visited 1 branch of the dungeon, and saw 3 of its levels.

You collected 89 gold pieces.

Inventory:

Hand weapons
 a - a +3,+1 elven dagger (weapon)
Armour
 d - a +0 pair of boots (worn)
 h - a +0 robe (worn)
Comestibles
 c - 2 meat rations
 r - a cheese
Scrolls
 b - a scroll of random uselessness {unknown}
 e - a scroll of blinking {unknown}
 f - a scroll of recharging {unknown}
 j - a scroll of amnesia {unknown}
 l - a scroll of fog {unknown}
 m - a scroll of remove curse
 o - a scroll of curse weapon {unknown}
 q - 2 scrolls of curse jewellery {unknown}
Jewellery
 i - an uncursed ring of magical power
Potions
 g - 2 potions of restore abilities
 k - a potion of might
 n - a potion of agility {unknown}
 p - a potion of paralysis {unknown}


   Skills:
 - Level 3.2 Fighting
 * Level 6.0 Short Blades
 - Level 1.5 Armour
 - Level 2.4 Dodging
 + Level 4.0 Stealth


You had 4 spell levels left.
You didn't know any spells.

Dungeon Overview and Level Annotations

Branches:
Dungeon (3/16)

Altars:
Xom

Annotations:
D:3 bronies4ever's ghost, average FoFi


Innate Abilities, Weirdness & Mutations

You recuperate from illness quickly.
You are small and have problems with some larger weapons.
You are carnivorous and can eat meat at any time.
You can eat rotten meat.


Message History

You kill the gnoll!
Trog accepts your kill. The gnoll misses you.
You puncture the gnoll!
The gnoll is severely wounded.
You hit the gnoll.
You feel the power of Trog in you as your rage grows.
You kill the gnoll!
Trog accepts your kill.
Your Stealth skill increases to level 4!
You have reached level 5!
You feel agile.
You hit the hobgoblin.
The hobgoblin is severely wounded.
You puncture the hobgoblin!
You kill the hobgoblin!
Trog accepts your kill.
Your Short Blades skill increases to level 6!
The gnoll hits you with a flail!
You die...

#.......###...'.....
#.......##..###.....
#.......#..## #..>..
#.......'.## #.....
#.......### #.....
#.......# #.....
###'##### #..... #.#
#..... ###@# #.....


#ogg# ####'# #p### ###.# #'# #.).# .gg ##'### #.... ####..... #.g.r. #.>'.....
#.....p #.##..... #....... #. #..... You could see bronies4ever's ghost, 2
gnolls and an orc.

Vanquished Creatures
  2 gnolls (D:3)
  2 adders
  A giant mite (D:1)
  4 bats
  2 giant cockroaches
  9 goblins
  6 hobgoblins
  13 jackals
  2 giant newts
  12 kobolds
  6 rats
59 creatures vanquished.

Notes
Turn   | Place    | Note
--------------------------------------------------------------
     0 | D:1      | Jenx, the Kobold Berserker, began the quest for the Orb.
     0 | D:1      | Reached XP level 1. HP: 14/14 MP: 1/1
    40 | D:1      | Reached skill level 1 in Stealth
    85 | D:1      | Reached XP level 2. HP: 8/19 MP: 2/2
   473 | D:1      | Reached XP level 3. HP: 23/23 MP: 3/3
   623 | D:1      | Acquired Trog's second power
  1168 | D:2      | Reached skill level 5 in Short Blades
  1400 | D:2      | Found a shimmering altar of Xom.
  1425 | D:2      | Reached XP level 4. HP: 18/28 MP: 4/4
  2563 | D:3      | Noticed bronies4ever's ghost (average FoFi)
  2580 | D:3      | Reached XP level 5. HP: 10/32 MP: 5/5
  2582 | D:3      | Reached skill level 6 in Short Blades
  2583 | D:3      | Mangled by a gnoll

Action                   |  1- 3 |  4- 6 || total
-------------------------+-------+-------++-------
Melee: Short sword       |   123 |    85 ||   208
       Dagger            |       |    39 ||    39
Invok: Trog's Hand       |     1 |       ||     1
       Berserk           |       |     1 ||     1
  Use: Scroll            |     4 |     2 ||     6
 Stab: Sleeping          |     4 |     2 ||     6
